 Dungeon Crawl Stone Soup version 0.19.4-25-g1b72edd (webtiles) character file.

72 vatarom the Slasher (level 4, 0/35 HPs)
             Began as a Formicid Fighter on Feb 28, 2017.
             Was a Follower of Uskayaw.
             Succumbed to a worker ant's poison
             ... on level 4 of the Dungeon.
             The game lasted 00:02:54 (1332 turns).

vatarom the Slasher (Formicid Fighter)              Turns: 1332, Time: 00:02:55

Health: 0/35       AC:  6    Str: 23 (25) XL:     4   Next: 50%
Magic:  4/4        EV:  8    Int:  7 (8)  God:    Uskayaw [*.....]
Gold:   89         SH: 10    Dex: 11      Spells: 0 memorised, 3 levels left

rFire  . . .     SeeInvis +     a - +1 long sword
rCold  . . .     Gourm    .     b - +0 scale mail
rNeg   . . .     Faith    .     c - +1 shield
rPois  .         Spirit   .     (helmet unavailable)
rElec  .         Reflect  .     (no cloak)
rCorr  .         Harm     .     (no gloves)
MR     .....                    (no boots)
Stlth  ..........               (no amulet)
                                (no ring)
                                (no ring)

@: mighty, lethally poisoned (0 -> -11)
A: permanent stasis, dig shafts and tunnels, four strong arms, antennae 3
a: Dig, Shaft Self, Stomp, Renounce Religion


You were on level 4 of the Dungeon.
You worshipped Uskayaw.
Uskayaw was noncommittal.
You were hungry.

You visited 2 branches of the dungeon, and saw 4 of its levels.

You collected 89 gold pieces.

Inventory:

Hand Weapons
 a - a +1 long sword (weapon)
Armour
 b - a +0 scale mail (worn)
 c - a +1 shield (worn)
Scrolls
 e - 2 scrolls of remove curse
Comestibles
 f - 2 bread rations
 h - a beef jerky
 i - a meat ration
 j - 2 slices of pizza


   Skills:
 - Level 3.2 Fighting
 + Level 4.4 Long Blades
 - Level 3.2 Armour
 - Level 3.6 Shields


You had 3 spell levels left.
You didn't know any spells.

Dungeon Overview and Level Annotations

Branches:
Dungeon (4/15)             Temple (1/1) D:4

Altars:
Ashenzari
Cheibriados
Dithmenos
Elyvilon
Fedhas
Gozag
Hepliaklqana
Kikubaaqudgha
Makhleb
Nemelex Xobeh
Okawaru
Sif Muna
Trog
Uskayaw
Vehumet
Xom
Yredelemnul
The Shining One

Shops:
D:4 (


Innate Abilities, Weirdness & Mutations

You are under a permanent stasis effect.
You can dig through walls and to a lower floor.
Your four strong arms can wield two-handed weapons with a shield.
You have a pair of large antennae on your head. (SInv)


Message History

You closely miss the worker ant.
The worker ant is severely wounded.
You feel sick. The worker ant bites you.
* * * LOW HITPOINT WARNING * * *
You are more poisoned.
The worker ant poisons you!
You hit the worker ant.
You kill the worker ant!
You feel your dexterity returning.
* * * LOW HITPOINT WARNING * * *
You feel sick.
* * * LOW HITPOINT WARNING * * *
You feel sick.
You feel very mighty all of a sudden.
* * * LOW HITPOINT WARNING * * *
You feel sick.
Unknown command.
* * * LOW HITPOINT WARNING * * *
You feel sick.
You die...

#........#..
#..........
#.........# ##..
#.........#### ....
#.....)......# .....
#............###.....
#................##..
#.........#......##..
#...@##...#..........
#....##...#..........
#..$.#.......###.....
#....#.......# #.....
#....#.......###.....
#....#...........####
#................#...
#................#...
...........[....


There were no monsters in sight!

Vanquished Creatures
  A worker ant (D:4)
  An adder (D:4)
  A worm (D:4)
  2 dart slugs (D:1)
  3 leopard geckos
  A giant cockroach (D:1)
  A hobgoblin (D:1)
  3 jackals (D:1)
  A quokka (D:2)
  6 bats
  3 frilled lizards (D:1)
  A goblin (D:1)
  4 kobolds (D:1)
  5 rats (D:1)
33 creatures vanquished.

Notes
Turn   | Place    | Note
-------+----------+-------------------------------------------
     0 | D:1      | vatarom the Formicid Fighter began the quest for the Orb.
     0 | D:1      | Reached XP level 1. HP: 18/18 MP: 1/1
   157 | D:1      | Reached XP level 2. HP: 24/24 MP: 2/2
   207 | D:1      | Reached skill level 3 in Long Blades
   358 | D:1      | Reached XP level 3. HP: 27/29 MP: 3/3
  1015 | D:2      | You fall through a shaft for 2 floors!
  1054 | D:4      | Found a staircase to the Ecumenical Temple.
  1063 | D:4      | Found Rajiecwel's Antique Weapon Shoppe.
  1075 | Temple   | Entered the Ecumenical Temple
  1161 | Temple   | Became a worshipper of Uskayaw the Reveler
  1307 | D:4      | Reached skill level 4 in Long Blades
  1307 | D:4      | Reached XP level 4. HP: 27/35 MP: 4/4
  1307 | D:4      | Reached * piety under Uskayaw
  1331 | D:4      | HP: 1/35 [poisoned by a worker ant]
  1332 | D:4      | Succumbed to a worker ant's poison

Skill      XL: |  1  2  3 |
---------------+----------+-----
Long Blades    | 3 4 |  4.4
Fighting       | |  3.2
Armour         | |  3.2
Shields        | |  3.6

Action                   |  1- 3 |  4- 6 || total
-------------------------+-------+-------++-------
Melee: Long sword        |    89 |     8 ||    97
 Abil: Dig               |     1 |       ||     1
  Use: Scroll            |     4 |     1 ||     5
       Potion            |     3 |     2 ||     5
  Eat: Chunk             |     1 |       ||     1
Armor: Scale mail        |    46 |     2 ||    48
Dodge: Dodged            |    34 |     1 ||    35
Block: Shield            |    37 |     4 ||    41
       Rpst.: Long sword |    11 |     1 ||    12
